 Dungeon Crawl Stone Soup version 0.24.0-13-gcf9b3192b9 (webtiles) character file.

Game seed: 10890271442926254932, levelgen mode: deterministic

1770 FishyPogo the Fighter (level 8, -4/61 HPs)
             Began as a Demonspawn Wanderer on Nov 9, 2019.
             Was a Follower of Hepliaklqana.
             Slain by a sky beast (7 damage)
             ... on level 6 of the Dungeon.
             The game lasted 00:23:34 (6765 turns).

FishyPogo the Fighter (Demonspawn Wanderer)         Turns: 6765, Time: 00:23:35

Health: -4/61      AC: 21    Str: 15    XL:     8   Next: 80%
Magic:  11/12      EV: 13    Int: 14    God:    Hepliaklqana [*.....]
Gold:   301        SH:  0    Dex: 12    Spells: 9/9 levels left

rFire    . . .     SeeInvis .   b - +3 quarterstaff (chaos)
rCold    + . .     Gourm    .   (shield currently unavailable)
rNeg     + . .     Faith    .   c - +0 ring mail
rPois    .         Spirit   .   u - +0 helmet
rElec    .         Reflect  .   q - +0 cloak
rCorr    +         Harm     +   m - +2 pair of gloves
MR       .....                  e - +0 pair of boots
Stlth    +.........             F - amulet of harm
HPRegen  0.20/turn              o - ring of positive energy
MPRegen  0.13/turn              t - ring of resist corrosion

@: about to teleport, sanguine armour
A: reduced essence, cold resistance 1, sanguine armour 2
a: Recall Ancestor, Ancestor Identity, Renounce Religion


You were on level 6 of the Dungeon.
You worshipped Hepliaklqana.
Hepliaklqana was aware of your devotion.
You were hungry.

You visited 2 branches of the dungeon, and saw 7 of its levels.

You collected 301 gold pieces.

Inventory:

Hand Weapons
 a - a +2 dagger
 b - a +3 quarterstaff of chaos (weapon)
 M - a +0 whip of pain
Missiles
 h - 11 poisoned darts (quivered)
 v - 48 stones
 B - 3 curare-tipped darts
Armour
 c - a +0 ring mail (worn)
 e - a +0 pair of boots (worn)
 m - a +2 pair of gloves (worn)
 q - a +0 cloak (worn)
 u - a +0 helmet (worn)
 I - a cursed +0 robe
Jewellery
 o - a ring of positive energy (left hand)
 t - a ring of resist corrosion (right hand)
 y - an uncursed amulet of faith
 C - an uncursed amulet of magic regeneration
 F - an amulet of harm (around neck)
 K - an uncursed amulet of guardian spirit {unknown}
Scrolls
 i - a scroll of noise {unknown}
 j - 2 scrolls of remove curse {unknown}
 l - 5 scrolls of teleportation
 p - 5 scrolls of identify {unknown}
 r - a scroll of magic mapping
 x - a scroll of enchant weapon {unknown}
 D - a scroll of immolation {unknown}
 E - a scroll of random uselessness {unknown}
 N - a scroll of blinking {unknown}
Potions
 d - 5 potions of lignification
 g - 3 potions of curing {unknown}
 k - a potion of resistance {unknown}
 n - 2 potions of haste {unknown}
 s - a potion of berserk rage
 w - 3 potions of flight
 z - a potion of mutation {unknown}
 A - 2 potions of heal wounds {unknown}
 G - a potion of cancellation {unknown}
 H - a potion of agility {unknown}
Comestibles
 f - 11 rations
 J - a chunk of flesh


   Skills:
 * Level 8.1 Fighting
   Level 1.0 Crossbows
 - Level 2.0 Throwing
 - Level 4.0 Armour
 + Level 5.1 Dodging
 - Level 1.0 Stealth
 - Level 1.0 Spellcasting
   Level 2.0 Summonings
 + Level 5.5 Invocations


You had 9 spell levels left.
You didn't know any spells.
Your spell library contained the following spells:

 Spells                   Type           Power        Failure   Level  Hunger
 Summon Small Mammal      Summ           #...         22%         1    ##.....
 Animate Skeleton         Necr           N/A          43%         1    ##.....
 Apportation              Tloc           #.....       43%         1    ##.....
 Confusing Touch          Hex            #.....       43%         1    ##.....
 Magic Dart               Conj           #...         43%         1    ##.....
 Searing Ray              Conj           #.....       58%         2    ###....
 Dazzling Spray           Conj/Hex       #.....       82%         3    ####...
 Force Lance              Conj/Tloc      #.......     99%         4    #####..
 Fulminant Prism          Conj/Hex       #.........   99%         4    #####..
 Iskenderun's Mystic Bla  Conj           #.......     99%         4    #####..


Dungeon Overview and Level Annotations

Branches:
Dungeon (6/15)             Temple (1/1) D:4

Altars:
Ashenzari
Cheibriados
Dithmenos
Elyvilon
Gozag
Hepliaklqana
Kikubaaqudgha
Makhleb
Nemelex Xobeh
Ru
Sif Muna
Trog
Uskayaw
Vehumet
Wu Jian
Xom
Yredelemnul
Zin
The Shining One

Shops:
D:4 *


Innate Abilities, Weirdness & Mutations

Your flesh is cold resistant. (rC+)
When seriously injured, your bleeding wounds create thick armour. (AC +9)
Your life essence is reduced to manifest your ancestor. (-10% HP)


Message History

You hit something. Something hits you.
* * * LOW HITPOINT WARNING * * *
Something hits you but does no damage.
You closely miss something. Something hits you!
* * * LOW HITPOINT WARNING * * *
Your ring mail prevents you from hitting something.
Something hits you but does no damage.
You thump something!
Reactivating autopickup.
You feel a bit more experienced.
You hear some strange, mumbled words.
Deactivating autopickup; reactivate with Ctrl-A.
Something tries to affect you, but you resist.
The orc wizard casts a spell at you.
The magic dart hits something.
As you read the scroll of teleportation, it crumbles to dust.
You feel strangely unstable. Something hits you.
* * * LOW HITPOINT WARNING * * *
Something shocks you.
You die...

##..##..........
#..####..#####. #.##
##.# #.# #'# #.# #.#
#.# #.# #.# #.# ###
####.# #.#######..((.
.....# ###....R@).o#
.########...######...#
..........### .....
########### ..## ...
##


You could see the friendly Paullus the ancestor and an orc wizard.

Vanquished Creatures
  An ice beast (D:5)
  3 orc warriors
  An ogre (D:6)
  3 centaurs
  A bullfrog (D:6)
  A howler monkey (D:4)
  2 crimson imps
  2 bullfrog zombies
  3 hounds
  2 jellies
  2 orc priests (D:6)
  Crazy Yiuf (D:3)
  A centaur skeleton (D:4)
  An iguana (D:5)
  Ijyb (D:3)
  6 worker ants
  An orc wizard (D:6)
  Terence (D:3)
  A hound skeleton (D:4)
  7 adders
  An adder skeleton (D:5)
  3 worms
  2 dart slugs
  A leopard gecko (D:5)
  7 orcs
  5 ball pythons
  4 giant cockroaches
  6 goblins
  3 hobgoblins
  3 jackals (D:1)
  7 quokkas
  10 bats
  7 frilled lizards
  A jackal zombie (D:6)
  7 kobolds
  8 rats
116 creatures vanquished.

Vanquished Creatures (collateral kills)
  A crimson imp (D:6)
  A bullfrog zombie (D:5)
  A hound (D:6)
  An orc priest (D:4)
  4 orcs
8 creatures vanquished.

Vanquished Creatures (others)
  An orc wizard (D:6)
  4 ancestors
5 creatures vanquished.

Grand Total: 129 creatures vanquished

Notes
Turn   | Place    | Note
-------+----------+-------------------------------------------
     0 | D:1      | FishyPogo the Demonspawn Wanderer began the quest for the
                  | Orb.
     0 | D:1      | FishyPogo set off with the following items: a +2 dagger, 4
                  | curare-tipped darts, a +0 ring mail, a potion of
                  | lignification, a ration
     0 | D:1      | Reached XP level 1. HP: 13/13 MP: 2/2
   375 | D:1      | Gained mutation: Your flesh is cold resistant. (rC+)
                  | [demonic ancestry]
   375 | D:1      | Reached XP level 2. HP: 11/20 MP: 3/3
   401 | D:1      | Reached skill level 1 in Fighting
  1246 | D:2      | Gained mutation: When seriously injured, your bleeding
                  | wounds create armour. (AC +9) [demonic ancestry]
  1246 | D:2      | Reached XP level 3. HP: 18/26 MP: 4/4
  1331 | D:2      | Reached skill level 1 in Dodging
  1606 | D:2      | Reached skill level 2 in Fighting
  1835 | D:2      | Reached XP level 4. HP: 27/34 MP: 5/5
  2011 | D:3      | Noticed Ijyb
  2174 | D:3      | Noticed Terence
  2192 | D:3      | Killed Terence
  2672 | D:3      | Reached XP level 5. HP: 24/40 MP: 6/6
  3000 | D:3      | Found a runed translucent door.
  3001 | D:3      | Noticed Crazy Yiuf
  3025 | D:3      | Killed Crazy Yiuf
  3025 | D:3      | Reached skill level 3 in Fighting
  3120 | D:3      | Killed Ijyb
  3524 | D:4      | Reached skill level 4 in Fighting
  3531 | D:4      | Gained mutation: When seriously injured, your bleeding
                  | wounds create thick armour. (AC +9) [demonic ancestry]
  3531 | D:4      | Reached XP level 6. HP: 32/48 MP: 7/7
  3750 | D:4      | Found Kiggofor's General Store.
  3785 | D:4      | Found a staircase to the Ecumenical Temple.
  3839 | D:4      | Reached skill level 5 in Fighting
  3886 | Temple   | Entered the Ecumenical Temple
  3930 | Temple   | Became a worshipper of Hepliaklqana the Forgotten
  4594 | D:4      | Noticed an orc warrior
  4602 | D:5      | Entered Level 5 of the Dungeon
  4648 | D:5      | Reached skill level 1 in Invocations
  4648 | D:5      | Reached XP level 7. HP: 26/50 MP: 8/8
  4769 | D:5      | Reached * piety under Hepliaklqana
  4788 | D:5      | Reached skill level 6 in Fighting
  5337 | D:4      | Reached XP level 8. HP: 58/58 MP: 10/10
  5625 | D:5      | Found a burning altar of Makhleb.
  5626 | D:5      | Found a hide-covered altar of Uskayaw.
  5638 | D:5      | Found a snail-covered altar of Cheibriados.
  5639 | D:5      | Found an ancient bone altar of Kikubaaqudgha.
  5639 | D:5      | Found a sparkling altar of Nemelex Xobeh.
  5639 | D:5      | Found a shattered altar of Ashenzari.
  5641 | D:5      | Found an ornate altar of the Wu Jian Council.
  6261 | D:6      | Reached skill level 7 in Fighting
  6354 | D:6      | HP: 2/60 [ogre (7)]
  6372 | D:6      | Reached skill level 5 in Invocations
  6757 | D:6      | Reached skill level 8 in Fighting
  6757 | D:6      | Reached skill level 5 in Dodging
  6762 | D:6      | HP: 3/61 [something (13)]
  6765 | D:6      | Slain by a sky beast

Levels and vault maps discovered:
D:1:      tarquinn_simple_flora_water_a, layout_basic
D:2:      layout_rooms, first_ration, serial_bayou, serial_bayou_lagoon_b,
          serial_bayou_shore_a, serial_bayou_crossing, serial_bayou_pond_d,
          serial_bayou_pond_a, minmay_shallow_snake_nest
D:3:      layout_basic, uniq_ijyb, uniq_crazy_yiuf_cottage, uniq_terence
D:4:      layout_basic, minmay_temple_entry_poolview, serial_shops, shop,
          serial_co_window_serial, co_window_paths_a, co_window_corner_a,
          co_window_of_opportunity_a, co_window_paths_a, co_window_corner_a,
          co_window_corner_a, co_window_corner_a, co_window_paths_a,
          co_window_corner_a, co_window_corner_b, co_window_broadway_c,
          co_window_broadway_c, grunt_ministairs_9,
          minmay_misc_feat_four_crosses
D:5:      layout_layer_cave, minitemple, minmay_misc_feat_cross
D:6:      layout_rooms, minmay_misc_feat_tiny, grunt_ministairs_15, st_stairs_8
Temple:   minmay_temple_bridge_abc

Skill      XL: |  1  2  3  4  5  6  7  8 |
---------------+-------------------------+-----
Fighting       | 1 2 4 5 6 8 |  8.1
Dodging        | 1 2 3 4 5 |  5.1
Armour         | 4 |  4.0
Throwing       | 2 |  2.0
Invocations    | 1 3 5 |  5.5
Crossbows      | |  1.0
Stealth        | |  1.0
Spellcasting   | |  1.0
Summonings     | |  2.0

Action                   |  1- 3 |  4- 6 |  7- 9 || total
-------------------------+-------+-------+-------++-------
Melee: Dagger            |   194 |   496 |       ||   690
       Quarterstaff      |       |    82 |   124 ||   206
       Unarmed           |       |    30 |       ||    30
Throw: Dart              |     3 |    45 |    12 ||    60
Invok: Ancestor Identity |       |     1 |       ||     1
  Use: Potion            |       |     2 |       ||     2
       Scroll            |       |       |     5 ||     5
 Stab: Distracted        |       |       |     1 ||     1
  Eat: Chunk             |     3 |    11 |     6 ||    20
Armor: Ring mail         |   120 |   258 |    70 ||   448
       Skin              |       |     2 |       ||     2
Dodge: Dodged            |   123 |   314 |    79 ||   516
